AoeStats
← Mr. nobuildorder

Black Forest

505970805Analyzed
4v4 RM · 22d ago on Sep 11, 2026· 46m 36s· 8 players
Game mode
Random Map
Map size
Large (8 player)
Population
200
Speed
Normal
Resources
Standard
Victory
Conquest
Starting age
Dark Age
Ending age
Imperial Age
RankedLock teamsTeams togetherTeam positionsShared explorationLock speedFull tech treeHidden civsTurbo modeCheats
Victory
Defeat
🇨🇱 Celts · Chile
1231
+16
🇺🇸 Tatars · United States
1220
+16
🇨🇳 Britons · China
1211
+17
🇹🇷 Persians · Türkiye
1197
+17
🇳🇿 Mongols · New Zealand
1259
-18
🇳🇿 Italians · New Zealand
1222
-16
🇬🇧 Bohemians · United Kingdom
1218
-16
🇬🇧 Japanese · United Kingdom
1211
-16
Vantokk
9:54 Feudal Age
11:53 Wheelbarrow
15:55 Castle Age
14:11 Double-Bit Axe
14:42 Horse Collar
21:51 Hand Cart
21:22 Town Watch
21:23 Loom
21:48 Heavy Plow
23:06 Bow Saw
24:07 Stone Mining
25:15 Gold Mining
26:00 Stone Shaft Mining
26:06 Stone Shaft Mining
27:26 Gold Shaft Mining
28:23 Scale Barding Armor
31:09 Imperial Age
28:41 Town Patrol
29:13 Forging
29:25 Chain Barding Armor
30:02 Devotion
31:26 Iron Casting
30:53 Padded Archer Armor
30:44 Fletching
31:18 Ballistics
31:48 Conscription
30:53 Elite War Elephant
31:46 Husbandry
32:03 Bloodlines
32:35 Plate Barding Armor
31:54 Fletching
32:16 Cavalier
34:46 Blast Furnace
33:45 Bodkin Arrow
35:19 Two-Man Saw
34:50 Crop Rotation
34:41 Leather Archer Armor
35:27 Chemistry
34:23 Murder Holes
34:40 Masonry
34:23 Savar
37:48 Scale Mail Armor
38:05 Leather Archer Armor
38:15 Masonry
38:00 Murder Holes
38:45 Hoardings
40:04 Ring Archer Armor
40:35 Caravan
43:41 Kamandaran
45:56 Thumb Ring
45:12 Crossbowman
47:45 Architecture
VaaN.
7:34 Loom
10:39 Feudal Age
15:28 Castle Age
13:37 Double-Bit Axe
15:42 Wheelbarrow
17:35 Bow Saw
22:58 Hand Cart
24:35 Gold Mining
26:44 Gold Shaft Mining
26:41 Stone Mining
29:55 Imperial Age
29:13 Stronghold
29:42 Pikeman
30:23 Gambesons
30:50 Furor Celtica
30:03 Onager
30:56 Horse Collar
31:18 Caravan
32:47 Chemistry
31:40 Halberdier
32:43 Scale Mail Armor
32:53 Forging
33:19 Siege Onager
34:48 Capped Ram
35:58 Town Watch
36:32 Chain Mail Armor
36:53 Iron Casting
35:56 Siege Ram
37:17 Siege Engineers
小明
0:34 Loom
12:26 Feudal Age
17:28 Castle Age
22:49 Double-Bit Axe
24:13 Horse Collar
27:01 Gold Mining
33:16 Imperial Age
31:37 Gold Shaft Mining
31:19 Heavy Plow
31:40 Bow Saw
31:30 Stone Mining
31:38 Town Watch
32:39 Wheelbarrow
32:43 Fletching
32:53 Padded Archer Armor
33:58 Yeomen
33:30 Elite Longbowman
34:46 Conscription
35:21 Hand Cart
35:09 Bodkin Arrow
35:29 Leather Archer Armor
36:32 Two-Man Saw
36:42 Bracer
37:15 Ring Archer Armor
37:34 Ballistics
38:15 Chemistry
38:16 Masonry
40:51 Caravan
45:06 Architecture
44:18 Treadmill Crane
47:09 Warwolf
Mr. nobuildorder
1:42 Loom
12:13 Feudal Age
16:19 Castle Age
14:37 Double-Bit Axe
14:52 Horse Collar
17:30 Bow Saw
17:19 Town Watch
18:12 Wheelbarrow
20:55 Heavy Plow
23:26 Gold Mining
23:27 Stone Mining
25:30 Gold Shaft Mining
30:21 Imperial Age
27:48 Fletching
28:19 Bloodlines
28:47 Bodkin Arrow
28:53 Padded Archer Armor
30:10 Masonry
30:16 Husbandry
30:18 Light Cavalry
31:06 Scale Barding Armor
31:12 Forging
31:18 Leather Archer Armor
32:17 Chemistry
31:53 Hand Cart
31:44 Bracer
32:06 Ballistics
31:44 Heavy Cavalry Archer
31:48 Elite Skirmisher
32:38 Bracer
33:56 Conscription
33:43 Silk Armor
35:43 Bombard Tower
37:02 Elite Keshik
38:20 Ring Archer Armor
38:49 Timurid Siegecraft
39:12 Chain Barding Armor
39:12 Town Patrol
39:16 Hussar
40:33 Iron Casting
44:10 Plate Barding Armor
45:31 Blast Furnace
emrizzle
1:28 Loom
13:50 Feudal Age
17:43 Castle Age
16:51 Horse Collar
18:50 Double-Bit Axe
21:12 Wheelbarrow
24:49 Bow Saw
25:06 Town Watch
28:48 Heavy Plow
32:21 Imperial Age
31:37 Chemistry
30:34 Murder Holes
31:07 Ballistics
30:44 Murder Holes
31:14 Masonry
31:24 Fortified Wall
31:03 Pikeman
31:44 Squires
31:55 Forging
31:35 Fletching
31:46 Scale Mail Armor
32:52 Houfnice
35:09 Two-Man Saw
35:30 Chain Mail Armor
35:50 Iron Casting
35:22 Halberdier
37:22 Siege Engineers
42:55 Elite Skirmisher
43:37 Padded Archer Armor
43:33 Bodkin Arrow
44:41 Heavy Scorpion
Hercburger
1:21 Loom
11:32 Feudal Age
16:07 Castle Age
14:40 Double-Bit Axe
15:02 Horse Collar
17:00 Bow Saw
21:25 Stone Mining
22:32 Heavy Plow
24:37 Wheelbarrow
26:26 Gold Mining
27:12 Stone Shaft Mining
29:47 Imperial Age
28:29 Gold Shaft Mining
29:04 Hand Cart
29:21 Fletching
29:31 Padded Archer Armor
29:52 Elite Mangudai
30:52 Bodkin Arrow
31:26 Ballistics
32:12 Bracer
32:28 Leather Archer Armor
32:20 Thumb Ring
32:41 Parthian Tactics
33:22 Leather Archer Armor
33:28 Forging
33:24 Scale Barding Armor
33:31 Bloodlines
33:22 Husbandry
32:42 Light Cavalry
33:45 Conscription
35:28 Chemistry
35:22 Chain Barding Armor
35:13 Forging
37:49 Iron Casting
39:50 Blast Furnace
45:19 Hussar
Jc
7:11 Loom
11:14 Feudal Age
12:32 Double-Bit Axe
12:30 Horse Collar
15:01 Castle Age
19:04 Town Watch
20:04 Wheelbarrow
22:36 Hand Cart
22:10 Treadmill Crane
25:59 Gold Mining
29:15 Imperial Age
27:25 Stone Mining
27:57 Town Patrol
28:48 Fletching
30:26 Stone Shaft Mining
29:54 Bodkin Arrow
30:00 Padded Archer Armor
31:03 Chemistry
30:26 Conscription
30:04 Elite Skirmisher
30:50 Thumb Ring
30:46 Bracer
31:02 Leather Archer Armor
30:58 Heavy Plow
32:09 Leather Archer Armor
32:29 Bow Saw
32:52 Crop Rotation
34:06 Pirotechnia
35:34 Capped Ram
36:54 Ring Archer Armor
37:52 Two-Man Saw
37:54 Scale Mail Armor
38:04 Forging
37:16 Pikeman
37:59 Squires
37:45 Arson
39:45 Chain Mail Armor
40:06 Iron Casting
41:37 Plate Mail Armor
42:07 Blast Furnace
iK2Crash
7:16 Loom
12:26 Feudal Age
13:30 Double-Bit Axe
13:32 Horse Collar
16:26 Castle Age
17:57 Bow Saw
18:02 Heavy Plow
19:29 Wheelbarrow
21:49 Stone Mining
28:03 Imperial Age
27:26 Hand Cart
27:32 Scale Mail Armor
28:44 Chain Mail Armor
30:15 Gold Mining
29:53 Pikeman
30:43 Town Watch
31:22 Kataparuto
31:19 Siege Engineers
32:16 Chemistry
31:28 Halberdier
34:12 Plate Mail Armor
33:54 Forging
33:46 Squires
33:55 Fletching
34:36 Ballistics
38:46 Iron Casting
37:56 Elite Samurai
38:42 Bodkin Arrow
44:35 Two-Man Saw
Connection lost

Rejoining the realm…

Still unreachable

The connection could not be restored.

Session expired

The server has moved on; the page needs a fresh start.